 Dungeon Crawl Stone Soup version 0.22.1-5-g62c59d919a (webtiles) character file.

578368 Peloso the Minotaur Barricade (level 25, 0/243 HPs)
             Began as a Minotaur Fighter on Jan 8, 2019.
             Was the Champion of Okawaru.
             Killed by vampiric draining
             ... invoked by a vampire mage
              (23 damage)
             ... on level 2 of the Depths.
             The game lasted 03:31:06 (59517 turns).

Peloso the Minotaur Barricade (Minotaur Fighter)   Turns: 59517, Time: 03:31:06

Health: 0/243      AC: 37    Str: 29    XL:     25   Next: 85%
Magic:  33/33      EV: 10    Int: 11    God:    Okawaru [******]
Gold:   2886       SH: 27    Dex: 19    Spells: 26/26 levels left

rFire    . . .     SeeInvis +   F - +6 double sword (holy)
rCold    + . .     Gourm    .   y - +0 large shield of the Prince of Darkness {+Blink MR+ Int+2}
rNeg     . . .     Faith    +   I - +0 crystal plate armour of Perfidy {rC+ Int+4 Dex+3}
rPois    +         Spirit   .   Q - +0 mask of the Dragon {MR+ Slay+3 SInv}
rElec    .         Reflect  .   n - +1 cloak {+Inv}
rCorr    .         Harm     .   i - +2 pair of gloves
MR       ++++.                  p - +2 pair of boots {Stlth+}
Stlth    ..........             U - amulet of Buow {Faith MP+9}
HPRegen  0.50/turn              E - +4 ring of slaying
MPRegen  0.23/turn              K - ring of protection from magic

@: very slightly contaminated, studying Spellcasting, drained
A: retaliatory headbutt, horns 2, agile 1, poison resistance
}: 3/15 runes: decaying, silver, gossamer
a: Heroism, Finesse, Renounce Religion, Evoke Blink, Evoke Invisibility


You were on level 2 of the Depths.
You worshipped Okawaru.
Okawaru was exalted by your worship.
You were not hungry.

You visited 8 branches of the dungeon, and saw 41 of its levels.
You visited 2 bazaars.
You also visited: Trove, Sewer, Ice Cave and Wizlab.

You collected 5563 gold pieces.
You spent 2677 gold pieces at shops.

Inventory:

Hand Weapons
 a - the +7 double sword of Tecsyh Foatz {slice, Dex+4}
   (Okawaru gifted it to you on level 15 of the Dungeon)

   It inflicts extra damage upon your enemies.
   It affects your dexterity (+4).
 b - the +8 scimitar "Niybim" {elec, rF+ Str+3}
   (You took it off a deep elf annihilator on level 3 of the Elven Halls)

   Occasionally, upon striking a foe, it will discharge some electrical energy
   and cause terrible harm.
   It affects your strength (+3).
   It protects you from fire.
 e - the +11 falchion of Entrepreneurial Spirit {freeze, rElec MP-9 SInv}
   (You took it off a deep elf sorcerer on level 5 of the Vaults)

   It has been specially enchanted to freeze those struck by it, causing extra
   injury to most foes and up to half again as much damage against particularly
   susceptible opponents.
   It can also slow down cold-blooded creatures.
   It insulates you from electricity.
   It affects your magic capacity (-9).
   It lets you see invisible.
 h - the +9 staff of Wucad Mu {channel}
   (You found it in a wizard's laboratory)
 F - a +6 double sword of holy wrath (weapon)
Armour
 c - +0 gold dragon scales
 i - a +2 pair of gloves (worn)
 n - a +1 cloak of invisibility (worn)
 p - a +2 pair of boots of stealth (worn)
 y - the +0 large shield of the Prince of Darkness (worn) {+Blink MR+ Int+2}
   (Okawaru gifted it to you on level 4 of the Spider Nest)

   It affects your intelligence (+2).
   It affects your resistance to hostile enchantments.
   It lets you blink.
 I - the +0 crystal plate armour of Perfidy (worn) {rC+ Int+4 Dex+3}
   (You found it on level 14 of the Dungeon)

   It affects your intelligence (+4).
   It affects your dexterity (+3).
   It protects you from cold.
 Q - the +0 mask of the Dragon (worn) {MR+ Slay+3 SInv}
   (You found it on level 1 of the Depths)

   It affects your accuracy and damage with ranged weapons and melee attacks
   (+3).
   It affects your resistance to hostile enchantments.
   It lets you see invisible.
Jewellery
 j - the brooch of Shielding {Reflect SH+8}
   (You found it in a treasure trove)

   [amulet of reflection]

   It shields you and reflects attacks.
   It affects your SH (+8).
 s - an uncursed ring of protection from cold
 w - a +6 amulet of reflection
 B - the ring "Muneeqef" {Fire rPois MP+9 Str+3 Int+4}
   (You took it off a deep elf sorcerer on level 5 of the Vaults)

   [ring of fire]

   It enhances your fire magic.
   It affects your strength (+3).
   It affects your intelligence (+4).
   It protects you from fire.
   It makes you vulnerable to cold.
   It protects you from poison.
   It affects your magic capacity (+9).
 E - a +4 ring of slaying (left hand)
 G - the ring of the Country {rCorr Str+4 Int+2}
   (You took it off a deep elf sorcerer on level 3 of the Elven Halls)

   [ring of resist corrosion]

   It affects your strength (+4).
   It affects your intelligence (+2).
 K - a ring of protection from magic (right hand)
 U - the amulet of Buow (around neck) {Faith MP+9}
   (You took it off an orc knight on level 5 of the Vaults)

   [amulet of faith]

   It allows you to gain divine favour quickly.
   It affects your magic capacity (+9).
Wands
 q - a wand of flame (24)
 z - a wand of digging (10)
Scrolls
 g - 21 scrolls of identify
 m - 14 scrolls of teleportation
 o - 2 scrolls of silence
 t - a scroll of holy word
 u - 6 scrolls of blinking
 v - 22 scrolls of remove curse
 L - 5 scrolls of fear
 O - 3 scrolls of summoning
 S - 9 scrolls of magic mapping
Potions
 d - a potion of might
 l - 3 potions of resistance
 r - a potion of invisibility
 C - 3 potions of flight
 D - 14 potions of curing
 P - 4 potions of agility
 Y - 5 potions of berserk rage
Books
 k - a manual of Spellcasting
Comestibles
 f - 84 rations


   Skills:
 + Level 23.3(21.9) Fighting
   Level 1.1(14.3) Short Blades
 + Level 24.2(22.8) Long Blades
   Level 1.2(0.7) Polearms
 + Level 1.3(0.8) Staves
 + Level 1.6(0.8) Throwing
 + Level 20.8(19.5) Armour
 + Level 6.0(5.0) Dodging
 + Level 3.4(2.5) Stealth
 O Level 27(25.5) Shields
 + Level 2.5(1.6) Unarmed Combat
 + Level 1.4(0.6) Spellcasting
 + Level 2.8(2.0) Invocations
 + Level 2.7(1.9) Evocations


You had 26 spell levels left.
You didn't know any spells.
Your spell library contained the following spells:

 Spells                   Type           Power        Failure   Level  Hunger
 Animate Skeleton         Necr           N/A          98%         1    ##.....
 Apportation              Tloc           #.....       98%         1    ##.....
 Confusing Touch          Hex            #.....       98%         1    ##.....
 Flame Tongue             Conj/Fire      #....        98%         1    ##.....
 Freeze                   Ice            #...         98%         1    ##.....
 Magic Dart               Conj           #...         98%         1    ##.....
 Pain                     Necr           #...         98%         1    ##.....
 Shock                    Conj/Air       #...         98%         1    ##.....
 Summon Butterflies       Summ           #.......     98%         1    ##.....
 Summon Small Mammal      Summ           #...         98%         1    ##.....
 Blink                    Tloc           N/A          99%         2    ###....
 Call Imp                 Summ           #.......     99%         2    ###....
 Passwall                 Tmut/Erth      #.......     99%         2    ###....
 Poisonous Vapours        Pois/Air       #.....       99%         2    ###....
 Slow                     Hex            #.......     99%         2    ###....
 Song of Slaying          Chrm           #.......     99%         2    ###....
 Swiftness                Chrm/Air       #.......     99%         2    ###....
 Throw Flame              Conj/Fire      #.....       99%         2    ###....
 Throw Frost              Conj/Ice       #.....       99%         2    ###....
 Call Canine Familiar     Summ           #.......     100%        3    ####...
 Conjure Flame            Conj/Fire      #.......     100%        3    ####...
 Ignite Poison            Fire/Tmut/Pois #.......     100%        3    ####...
 Inner Flame              Hex/Fire       #.......     100%        3    ####...
 Mephitic Cloud           Conj/Pois/Air  #.......     100%        3    ####...
 Recall                   Summ/Tloc      N/A          100%        3    ####...
 Regeneration             Chrm/Necr      #.........   100%        3    ####...
 Spider Form              Tmut/Pois      #.........   100%        3    ####...
 Static Discharge         Conj/Air       #.......     100%        3    ####...
 Vampiric Draining        Necr           #.........   100%        3    ####...
 Airstrike                Air            #.........   100%        4    #####..
 Animate Dead             Necr           N/A          100%        4    #####..
 Cause Fear               Hex            #.........   100%        4    #####..
 Leda's Liquefaction      Hex/Erth       #.........   100%        4    #####..
 Passage of Golubria      Tloc           N/A          100%        4    #####..
 Sticky Flame             Conj/Fire      #.......     100%        4    #####..
 Summon Lightning Spire   Summ/Air       #.......     100%        4    #####..
 Agony                    Necr           #.......     100%        5    ######.
 Alistair's Intoxication  Tmut/Pois      #.......     100%        5    ######.
 Aura of Abjuration       Summ           #.........   100%        5    ######.
 Blade Hands              Tmut           #.........   100%        5    ######.
 Bolt of Draining         Conj/Necr      #.........   100%        5    ######.
 Bolt of Magma            Conj/Fire/Erth #.........   100%        5    ######.
 Borgnjor's Vile Clutch   Necr/Erth      #.........   100%        5    ######.
 Excruciating Wounds      Chrm/Necr      #.........   100%        5    ######.
 Fireball                 Conj/Fire      #.........   100%        5    ######.
 Lee's Rapid Deconstruct  Erth           #.........   100%        5    ######.
 Lightning Bolt           Conj/Air       #.........   100%        5    ######.
 Metabolic Englaciation   Hex/Ice        #.........   100%        5    ######.
 Silence                  Hex/Air        #.........   100%        5    ######.
 Summon Demon             Summ           #.........   100%        5    ######.
 Summon Forest            Summ/Tloc      #.........   100%        5    ######.
 Summon Mana Viper        Hex/Summ       #.......     100%        5    ######.
 Yara's Violent Unravell  Hex/Tmut       #.........   100%        5    ######.
 Conjure Ball Lightning   Conj/Air       #.........   100%        6    #######
 Darkness                 Hex            #.........   100%        6    #######
 Death Channel            Necr           #.........   100%        6    #######
 Deflect Missiles         Chrm/Air       #.........   100%        6    #######
 Hydra Form               Tmut           #.........   100%        6    #######
 Invisibility             Hex            #.......     100%        6    #######
 Iron Shot                Conj/Erth      #.........   100%        6    #######
 Poison Arrow             Conj/Pois      #.........   100%        6    #######
 Shadow Creatures         Summ           N/A          100%        6    #######
 Simulacrum               Ice/Necr       #.........   100%        6    #######
 Statue Form              Tmut/Erth      #........    100%        6    #######
 Dragon Form              Tmut           #.........   100%        7    #######
 Malign Gateway           Summ/Tloc      #.........   100%        7    #######
 Monstrous Menagerie      Summ           #.........   100%        7    #######
 Ring of Flames           Chrm/Fire      #.........   100%        7    #######
 Summon Greater Demon     Summ           #.........   100%        7    #######
 Chain Lightning          Conj/Air       #.........   100%        8    #######
 Discord                  Hex            #.........   100%        8    #######
 Ignition                 Fire           #.........   100%        8    #######
 Lehudib's Crystal Spear  Conj/Erth      #.........   100%        8    #######
 Summon Horrible Things   Summ           #.........   100%        8    #######
 Dragon's Call            Summ           #.........   100%        9    #######
 Fire Storm               Conj/Fire      #.........   100%        9    #######
 Glaciate                 Conj/Ice       #.........   100%        9    #######
 Shatter                  Erth           #.........   100%        9    #######
 Tornado                  Air            #.........   100%        9    #######


Dungeon Overview and Level Annotations

Branches:
Dungeon (15/15)            Temple (0/1) D:5            Lair (6/6) D:10
  Swamp (4/4) Lair:3       Spider (4/4) Lair:3        Slime (0/5) Lair:5
    Orc (2/2) D:12            Elf (3/3) Orc:2        Vaults (5/5) D:13
  Crypt (0/3) Vaults:2     Depths (2/5) D:15

Altars:
Ashenzari
Cheibriados
Dithmenos
Elyvilon
Hepliaklqana
Kikubaaqudgha
Makhleb
Okawaru
Uskayaw
Vehumet
Wu Jian
Xom
Yredelemnul
Beogh

Shops:
D:4 (   Orc:1 }   Orc:2 %*(*(*!?   Elf:2 =   Vaults:1 ?   Vaults:3 !

Portals:
Hell: Depths:1
Abyss: Depths:1 Depths:2


Innate Abilities, Weirdness & Mutations

You reflexively headbutt those who attack you in melee.
You have a pair of horns on your head.
You are agile. (Dex +2)
Your system is resistant to poisons. (rPois)


Message History

Unknown command.
You slice the frost giant!!
The frost giant is severely wounded.
The frost giant casts a spell at you. The bolt of cold hits you! You resist.
* * * LOW HITPOINT WARNING * * *
Unknown command.
You open the frost giant like a pillowcase!!!
You kill the frost giant!
The frost giant's corpse dissolves into shadows!
Unknown command.
You hit the vampire mage.
The vampire mage convulses.
Your headbutt misses the vampire mage.
The vampire mage is lightly damaged.
Unknown command.
You slash the vampire mage!
The vampire mage convulses!
You headbutt the vampire mage.
The vampire mage is severely damaged.
The vampire mage is infused with unholy energy.
You die...

#..≈≈#..#,*+#.VWV..##[#≈≈........
##.≈≈'..#>..'.._ZWW)()#≈≈........
...≈≈#..#.#'#......##.#≈≈........
.#.≈≈#..#*#,#......##.#≈≈.####...
...≈≈##z##*,########..#≈≈.# #...
...≈≈##([##** *#..##≈≈.# #...
.#.≈≈.#))(## ##..##.≈≈.#####..
...≈≈..))..## ##..##..≈≈....##.^
.#.≈≈...[...####@.##...≈≈....)...
.#.≈≈≈...(...nCV.##...≈≈≈....##..
.#..≈≈≈....#######...≈≈≈.....####
.#...≈≈≈≈≈≈≈≈≈≈≈≈≈≈≈≈≈≈......#
...#gn≈≈≈C≈≈≈≈≈≈≈≈≈≈≈≈..#....#
......)(CZ..>................#
.)g#.##[)#.######...####.....#
....'###)#.######............#
.......##..(.................#


You could see an ettin, a vampire mage and a necrophage.

Vanquished Creatures
  An ancient lich (Vaults:5)
  Jory (Depths:2)
  A golden dragon (Vaults:5)
  5 liches
  7 tentacled monstrosities
  5 titans
  2 deep elf blademasters (Elf:3)
  Asterion (Elf:2)
  3 quicksilver dragons
  7 sphinxes
  Agnes (Elf:1)
  Frances (D:14)
  4 thorn hunters
  Kirke (D:15)
  6 shadow dragons
  7 tengu reavers
  Roxanne (D:14)
  3 storm dragons (Vaults:5)
  10 deep elf sorcerers
  5 frost giants
  6 fire giants
  5 emperor scorpions
  6 ghost moths
  20 vault wardens
  8 entropy weavers
  2 deep elf elementalists
  11 ironheart preservers
  A ghoul (Vaults:1)
  10 stone giants
  3 war gargoyles
  12 very ugly things
  7 vampire knights
  An entropy weaver (shapeshifter) (Vaults:5)
  Azrael (D:14)
  11 deep elf annihilators
  6 deep elf demonologists
  A spark wasp (Spider:3)
  4 deep elf death magi
  9 ettins
  Snorg (D:11)
  6 jiangshi (Depths:2)
  8 fire dragons
  3 deep elf high priests (Elf:3)
  A crystal guardian (Vaults:3)
  11 yaktaur captains
  Fannar (Orc:1)
  10 great orbs of eyes
  A great orb of eyes (shapeshifter) (Depths:2)
  5 ice dragons
  40 vault guards
  9 centaur warriors
  18 hydras
  3 rakshasas
  Erolcha (Orc:2)
  4 catoblepae (Lair:6)
  3 ghost crabs (Swamp:4)
  2 death knights
  An anaconda (shapeshifter) (Vaults:5)
  24 dancing weapons
  12 alligators
  15 ogre magi
  12 death yaks
  The ghost of bananovenc the Blocker, a journeyman GrFi of Okawaru (D:11)
  3 vampire magi (Depths:2)
  A deep troll shaman (Depths:1)
  35 two-headed ogres
  4 deep troll earth magi
  2 orc high priests (Orc:2)
  5 tengu warriors
  A sun demon (Depths:2)
  20 deep elf knights
  Nergalle (Lair:4)
  3 shadow wraiths
  A fire crab (Lair:5)
  10 skeletal warriors
  2 iron trolls
  4 unseen horrors
  A deep troll (shapeshifter) (Vaults:5)
  A salamander mystic (Depths:1)
  A spriggan druid (Swamp:4)
  2 wizards
  An unseen horror (shapeshifter) (Vaults:5)
  3 flayed ghosts
  A glowing orange brain (Depths:1)
  9 swamp dragons
  2 shambling mangroves
  20 deep trolls
  11 harpies
  A shadow dragon zombie (Depths:1)
  11 deep elf archers
  3 lindwurms (Swamp:4)
  A swamp dragon (shapeshifter) (D:13)
  3 harpies (shapeshifter)
  6 phantasmal warriors
  3 fire giant zombies (Depths:2)
  A wolf spider zombie (D:14)
  60 deep elf magi
  12 ironbrand convokers
  2 orange crystal statues
  13 orc knights
  A necromancer (Depths:2)
  3 orc sorcerers
  30 wolf spiders
  A lindwurm (shapeshifter) (D:15)
  An oklob plant (Lair:2)
  11 orb spiders
  A salamander (shapeshifter) (Elf:3)
  4 salamanders (Depths:1)
  20 ugly things
  2 frost giant zombies (Depths:2)
  6 cyclopes
  5 manticores
  An elephant (shapeshifter) (Vaults:4)
  2 black mambas (shapeshifter)
  2 moths of wrath
  2 black mambas
  10 vault sentinels
  2 ice statues (IceCv)
  7 elephants
  21 spiny frogs
  A torpor snail (Lair:4)
  A rime drake (shapeshifter) (Elf:2)
  A hellion (Depths:1)
  5 freezing wraiths
  9 komodo dragons
  7 demonic crawlers
  A hellwing (Depths:1)
  38 yaktaurs
  2 rime drakes
  2 efreet (D:15)
  An ice devil (Depths:2)
  A redback zombie (D:13)
  2 trolls
  A merfolk (shapeshifter) (Vaults:4)
  A komodo dragon (shapeshifter) (Depths:1)
  2 tengu conjurers
  20 jumping spiders
  A queen bee (D:13)
  A wind drake (shapeshifter) (D:15)
  21 hornets
  A hornet (shapeshifter) (Depths:1)
  A spriggan zombie (Depths:1)
  7 tyrant leeches
  4 polar bears (D:10)
  13 hippogriffs
  7 blink frogs
  A frost giant simulacrum (Vaults:1)
  6 bog bodies
  2 raiju (Depths:2)
  16 slime creatures
  9 dream sheep
  6 shadows
  An elf skeleton (Depths:1)
  34 tarantellas
  3 air elementals
  A spriggan (Swamp:4)
  51 redbacks
  A wyvern (D:10)
  3 wraiths
  4 vampires
  7 fire elementals
  2 fire bats (Depths:1)
  3 flying skulls (Depths:2)
  2 water elementals
  A hog (D:15)
  5 humans (D:10)
  72 yaks
  A basilisk (shapeshifter) (Vaults:5)
  2 hungry ghosts
  4 wargs
  28 vampire mosquitoes
  Menkaure (D:4)
  32 insubstantial wisps
  19 swamp worms
  2 acid dragons (Vaults:1)
  A soldier ant (shapeshifter) (D:14)
  9 water moccasins
  11 hell hounds
  18 swamp drakes
  10 porcupines
  28 orc warriors
  2 sky beasts
  18 ice beasts
  5 black bears
  An eye of draining (D:12)
  A phantom (D:8)
  2 tengu (shapeshifter)
  A necrophage (D:14)
  56 ogres
  8 boggarts
  17 centaurs
  20 wolves
  10 crocodiles
  5 big kobolds
  Blork the orc (D:6)
  18 bullfrogs
  An elf zombie (D:14)
  6 earth elementals
  A wyvern skeleton (D:11)
  5 scorpions
  12 killer bees
  10 wights
  A spectral wolf (Depths:2)
  7 crimson imps
  A vampire bat (Orc:1)
  7 howler monkeys
  6 jellies
  2 bullfrog zombies
  2 centaur zombies
  11 orc priests
  6 hounds
  3 human zombies (D:14)
  15 orc wizards
  Crazy Yiuf (D:6)
  4 bullfrog skeletons
  6 centaur skeletons
  A human skeleton (D:14)
  8 iguanas
  13 worker ants
  3 hound skeletons
  3 mummies (D:14)
  A worker ant zombie (D:9)
  Robin (D:3)
  8 gnolls
  A howler monkey skeleton (D:10)
  17 adders
  A river rat (shapeshifter) (D:13)
  2 shadow imps
  13 oozes
  An adder skeleton (D:3)
  7 worms
  2 dart slugs
  13 leopard geckos
  77 orcs
  8 ball pythons
  12 giant cockroaches
  15 goblins
  14 hobgoblins
  5 jackals
  3 quokkas
  17 bats
  16 frilled lizards
  22 kobolds
  An orc zombie (D:14)
  7 rats
  A briar patch (Swamp:2)
  2 fungi
  4 plants
1898 creatures vanquished.

Vanquished Creatures (others)
  Nikola (Elf:1)
  2 deep elf master archers (Elf:3)
  A deep elf elementalist (Vaults:5)
  An ironheart preserver (Vaults:4)
  Nessos (D:15)
  10 yaktaur captains
  A hydra (Swamp:4)
  5 centaur warriors
  2 deep elf knights (Elf:2)
  A spriggan druid (Swamp:2)
  A swamp dragon (Swamp:4)
  3 deep elf archers
  A freezing wraith (Vaults:4)
  10 yaktaurs
  A jumping spider (Spider:4)
  A slime creature (Swamp:4)
  A spriggan (Swamp:4)
  A flying skull (Depths:2)
  3 humans (D:15)
  An insubstantial wisp (Swamp:2)
  An ogre (Vaults:5)
  A wolf (Depths:2)
  5 centaurs
  A crimson imp (D:15)
  2 orcs
  A kobold (D:8)
  4 briar patches (Swamp:2)
  A bush (Lair:6)
  10 fungi
  7 plants
  9 toadstools (D:7)
90 creatures vanquished.

Grand Total: 1988 creatures vanquished

Notes
Turn   | Place    | Note
-------+----------+-------------------------------------------
     0 | D:1      | Peloso the Minotaur Fighter began the quest for the Orb.
     0 | D:1      | Reached XP level 1. HP: 19/19 MP: 0/0
   105 | D:1      | Reached XP level 2. HP: 27/27 MP: 1/1
   308 | D:1      | Reached skill level 4 in Shields
   365 | D:1      | Reached XP level 3. HP: 30/33 MP: 2/2
   971 | D:2      | Reached XP level 4. HP: 40/40 MP: 3/3
  1140 | D:2      | Noticed a centaur
  1151 | D:2      | Killed a centaur
  1151 | D:2      | Reached XP level 5. HP: 42/47 MP: 4/4
  1297 | D:3      | Reached skill level 1 in Dodging
  1397 | D:3      | Noticed Robin
  1427 | D:3      | Killed Robin
  1635 | D:3      | You fall through a shaft!
  1682 | D:4      | Reached skill level 5 in Armour
  1682 | D:4      | Reached XP level 6. HP: 29/53 MP: 5/5
  1750 | D:4      | Reached skill level 5 in Long Blades
  1811 | D:4      | Reached skill level 5 in Shields
  2737 | D:4      | Reached skill level 5 in Fighting
  2737 | D:4      | Reached XP level 7. HP: 61/61 MP: 6/6
  2789 | D:4      | Found Omiel's Antique Weapon Shoppe.
  2796 | D:4      | Noticed Menkaure
  2801 | D:4      | Killed Menkaure
  2933 | D:5      | Entered Level 5 of the Dungeon
  2973 | D:5      | Gained mutation: Your system is resistant to poisons.
                  | (rPois) [potion of mutation]
  2973 | D:5      | Gained mutation: Your body sometimes deteriorates upon
                  | taking damage. [potion of mutation]
  2973 | D:5      | Lost mutation: Your body sometimes deteriorates upon taking
                  | damage. [potion of mutation]
  2973 | D:5      | Gained mutation: You are agile. (Dex +2) [potion of
                  | mutation]
  3377 | D:5      | Found an iron altar of Okawaru.
  3378 | D:5      | Found a hide-covered altar of Uskayaw.
  3379 | D:5      | Found a hazy altar of Hepliaklqana.
  3380 | D:5      | Found a radiant altar of Vehumet.
  3381 | D:5      | Found an ornate altar of the Wu Jian Council.
  3381 | D:5      | Found a burning altar of Makhleb.
  3382 | D:5      | Found a white marble altar of Elyvilon.
  3385 | D:5      | Became a worshipper of Warmaster Okawaru
  3408 | D:5      | Found a staircase to the Ecumenical Temple.
  3501 | D:5      | Found a glowing drain.
  3524 | Sewer    | Entered a sewer
  3749 | Sewer    | Reached XP level 8. HP: 52/69 MP: 7/7
  3908 | D:5      | Reached skill level 6 in Shields
  4177 | D:6      | Noticed Blork the orc
  4185 | D:6      | Killed Blork the orc
  4185 | D:6      | Reached * piety under Okawaru
  4398 | D:6      | Found a runed door.
  4882 | D:6      | Reached skill level 1 in Stealth
  5105 | D:6      | Noticed Crazy Yiuf
  5108 | D:6      | Killed Crazy Yiuf
  5187 | D:6      | Reached skill level 7 in Shields
  5382 | D:7      | Reached XP level 9. HP: 75/75 MP: 8/8
  5385 | D:7      | Found a shadowy altar of Dithmenos.
  5578 | D:7      | Reached ** piety under Okawaru
  5782 | D:7      | Reached skill level 8 in Shields
  5979 | D:8      | Noticed a two-headed ogre
  6022 | D:7      | Killed a two-headed ogre
  6022 | D:7      | Reached *** piety under Okawaru
  6022 | D:7      | Received a gift from Okawaru
  6022 | D:7      | Reached skill level 10 in Long Blades
  6022 | D:7      | Reached skill level 9 in Shields
  6133 | D:8      | Reached XP level 10. HP: 86/86 MP: 9/9
  6694 | D:8      | Reached skill level 10 in Shields
  7280 | D:8      | Reached **** piety under Okawaru
  7432 | D:8      | Noticed a three-headed hydra
  7435 | D:8      | Reached skill level 11 in Shields
  7440 | D:8      | Killed a one-headed hydra
  7574 | D:9      | Noticed an orange crystal statue
  7664 | D:9      | Noticed a two-headed ogre
  7670 | D:9      | Killed a two-headed ogre
  7670 | D:9      | Reached ***** piety under Okawaru
  7670 | D:9      | Reached skill level 12 in Shields
  7670 | D:9      | Reached XP level 11. HP: 78/93 MP: 10/10
  7957 | D:10     | Entered Level 10 of the Dungeon
  7983 | D:10     | Received a gift from Okawaru
  8110 | D:10     | Killed an unseen horror
  8220 | D:10     | Found a huge runed gate.
  8220 | D:10     | Found a huge runed gate.
  8220 | D:10     | Found a huge runed gate.
  8220 | D:10     | Noticed a death yak
  8221 | D:10     | Found a huge runed gate.
  8221 | D:10     | Noticed a death yak
  8252 | D:10     | Noticed a centaur warrior
  8269 | D:10     | Killed a centaur warrior
  8317 | D:10     | Noticed a death yak
  8317 | D:10     | Noticed a death yak
  8339 | D:10     | Killed a death yak
  8339 | D:10     | Reached skill level 13 in Shields
  8347 | D:10     | Killed a death yak
  8392 | D:10     | Noticed a death yak
  8430 | D:10     | Killed a death yak
  8570 | D:10     | Identified the Reference Book on Shifting Protection
  8682 | D:10     | Found a staircase to the Lair.
  8705 | D:11     | Noticed a red ugly thing
  8724 | Lair:1   | Entered Level 1 of the Lair of Beasts
  8825 | Lair:1   | Received a gift from Okawaru
  8852 | Lair:1   | Found a frozen archway.
  8922 | Lair:1   | Reached XP level 12. HP: 90/104 MP: 11/11
  8931 | IceCv    | Entered an ice cave
  8948 | IceCv    | Reached ****** piety under Okawaru
  8969 | IceCv    | Found a transporter.
  9009 | IceCv    | Reached skill level 14 in Shields
  9010 | IceCv    | Found a transporter.
 10452 | Lair:2   | Reached skill level 15 in Shields
 10878 | Lair:3   | Found a hole to the Spider Nest.
 11199 | Lair:3   | Found a staircase to the Swamp.
 11326 | Lair:3   | Noticed a four-headed hydra
 11333 | Lair:3   | Killed a one-headed hydra
 11333 | Lair:3   | Received a gift from Okawaru
 11333 | Lair:3   | Reached skill level 10 in Armour
 11622 | Lair:4   | Reached skill level 10 in Fighting
 11843 | Lair:4   | Reached XP level 13. HP: 97/113 MP: 12/12
 12078 | Lair:4   | Noticed Nergalle
 12106 | Lair:4   | Killed Nergalle
 12106 | Lair:4   | Reached skill level 16 in Shields
 12410 | Lair:5   | Found a shimmering altar of Xom.
 12673 | Lair:5   | Found a staircase to the Slime Pits.
 13177 | Lair:5   | Received a gift from Okawaru
 13742 | D:11     | Noticed Snorg
 13763 | D:11     | Killed Snorg
 13763 | D:11     | Reached skill level 1 in Invocations
 13854 | D:11     | Received a gift from Okawaru
 13854 | D:11     | Reached skill level 17 in Shields
 13862 | D:11     | Got a slimy long sword {god gift}
 13863 | D:11     | Identified the +1 long sword of Erroukku {drain, +Fly
                  | Stlth+} (Okawaru gifted it to you on level 11 of the
                  | Dungeon)
 13971 | D:11     | Found a large runed door.
 13971 | D:11     | Found a large runed door.
 13971 | D:11     | Noticed bananovenc's ghost (journeyman GrFi)
 14830 | D:12     | Found a staircase to the Orcish Mines.
 15328 | Orc:1    | Entered Level 1 of the Orcish Mines
 15328 | Orc:1    | Found an iron altar of Okawaru.
 15357 | Orc:1    | Found Gyorph's Gadget Shoppe.
 15364 | Orc:1    | Noticed Fannar
 15376 | Orc:1    | Killed Fannar
 15578 | Orc:1    | Found a roughly hewn altar of Beogh.
 15811 | Orc:1    | Paralysed by an orc sorcerer for 2 turns
 16153 | Orc:2    | Entered Level 2 of the Orcish Mines
 16159 | Orc:2    | Received a gift from Okawaru
 16185 | Orc:2    | Reached skill level 5 in Dodging
 16185 | Orc:2    | Reached skill level 18 in Shields
 16202 | Orc:2    | Found Baloigh's Magic Scroll Shoppe.
 16217 | Orc:2    | Noticed Erolcha
 16219 | Orc:2    | Found Eschaut's Distillery.
 16224 | Orc:2    | Found Yngaisya's Antique Weapon Shop.
 16231 | Orc:2    | Found a staircase to the Elven Halls.
 16241 | Orc:2    | Reached XP level 14. HP: 72/124 MP: 13/13
 16250 | Orc:2    | Found a flickering gateway to a bazaar.
 16259 | Bazaar   | Entered a bazaar
 16263 | Bazaar   | Found Holo's Jewellery Boutique.
 16282 | Bazaar   | Found Xaas's Antique Armour Emporium.
 16300 | Bazaar   | Found Guilu's Book Boutique.
 16317 | Bazaar   | Found Cacaalo's Antique Weapon Shoppe.
 16340 | Bazaar   | Bought a glowing demon blade for 540 gold pieces
 16395 | Orc:2    | Killed Erolcha
 16395 | Orc:2    | Reached skill level 15 in Long Blades
 16690 | Orc:2    | Bought a potion of mutation for 104 gold pieces
 16690 | Orc:2    | Bought a potion of mutation for 104 gold pieces
 16753 | Orc:2    | Bought a scroll of magic mapping for 52 gold pieces
 16753 | Orc:2    | Bought a scroll of enchant armour for 112 gold pieces
 16858 | Orc:2    | Found Casy's Assorted Antiques.
 16977 | Orc:2    | Received a gift from Okawaru
 17255 | Orc:2    | Reached skill level 19 in Shields
 17642 | Orc:2    | Found Rissit's Assorted Antiques.
 17653 | Orc:2    | Found Xepp's Antique Weapon Shop.
 17654 | Orc:2    | Found Cexe's Assorted Antiques.
 17654 | Orc:2    | Found Cucam's Food Emporium.
 18108 | Lair:6   | Entered Level 6 of the Lair of Beasts
 18166 | Lair:6   | Received a gift from Okawaru
 18399 | Lair:6   | Found a shattered altar of Ashenzari.
 19036 | Lair:6   | Reached XP level 15. HP: 102/133 MP: 14/14
 19307 | Lair:6   | Reached skill level 20 in Shields
 19338 | Lair:6   | Received a gift from Okawaru
 19735 | Lair:1   | Identified a scroll of acquirement
 20204 | D:13     | Found a gate to the Vaults.
 20778 | D:14     | Noticed Azrael
 20878 | D:14     | Killed Azrael
 21170 | D:14     | Noticed Roxanne
 21200 | D:14     | Killed Roxanne
 21201 | D:14     | Identified Roxanne's Volume of Context (You took it off
                  | Roxanne on level 14 of the Dungeon)
 21356 | D:14     | Found a basalt altar of Yredelemnul.
 21429 | D:14     | Found a snail-covered altar of Cheibriados.
 21438 | D:14     | Noticed Frances
 21447 | D:14     | Killed Frances
 21491 | D:14     | Found a portal to a secret trove of treasure.
 21728 | D:14     | Found a burning altar of Makhleb.
 21891 | D:14     | Found a runed door.
 21891 | D:14     | Found a runed door.
 21987 | D:14     | Received a gift from Okawaru
 22144 | D:14     | Got a smoking crystal plate armour
 22155 | D:14     | Identified the cursed +0 crystal plate armour of Perfidy
                  | {rC+ Int+4 Dex+3} (You found it on level 14 of the Dungeon)
 22424 | D:15     | Entered Level 15 of the Dungeon
 22527 | D:15     | Reached skill level 21 in Shields
 22624 | D:15     | Found a staircase to the Depths.
 22824 | D:15     | Reached XP level 16. HP: 105/144 MP: 15/15
 22868 | D:15     | Noticed Kirke
 22889 | D:15     | Noticed a sphinx
 23215 | D:15     | Killed Kirke
 23478 | D:15     | Reached skill level 1 in Unarmed Combat
 23506 | D:15     | Received a gift from Okawaru
 23511 | D:15     | Got an ivory double sword {god gift}
 23512 | D:15     | Identified the +7 double sword of Tecsyh Foatz {slice,
                  | Dex+4} (Okawaru gifted it to you on level 15 of the
                  | Dungeon)
 23582 | D:15     | Noticed Nessos
 23590 | D:15     | Killed Nessos
 24588 | D:11     | Killed bananovenc's ghost
 25128 | Elf:1    | Entered Level 1 of the Elven Halls
 25146 | Elf:1    | Reached skill level 1 in Evocations
 25153 | Elf:1    | Found a radiant altar of Vehumet.
 25366 | Swamp:1  | Entered Level 1 of the Swamp
 26060 | Swamp:1  | Received a gift from Okawaru
 26067 | Swamp:1  | Got an iridescent falchion {god gift}
 26068 | Swamp:1  | Identified the +6 falchion "Faxzuepn" {slice, *Noise rPois
                  | Str+3 Int+6} (Okawaru gifted it to you on level 1 of the
                  | Swamp)
 26604 | Swamp:2  | Noticed a thorn hunter
 26616 | Swamp:2  | Killed a thorn hunter
 26622 | Swamp:2  | Noticed a thorn hunter
 26642 | Swamp:2  | Killed a thorn hunter
 26642 | Swamp:2  | Reached skill level 22 in Shields
 27252 | Swamp:2  | Noticed a tentacled monstrosity
 27269 | Swamp:2  | Killed a tentacled monstrosity
 27386 | Swamp:2  | Noticed a thorn hunter
 27388 | Swamp:2  | Received a gift from Okawaru
 27419 | Swamp:2  | Killed a thorn hunter
 28920 | Swamp:4  | Entered Level 4 of the Swamp
 29219 | Swamp:4  | Reached XP level 17. HP: 149/154 MP: 17/17
 29330 | Swamp:4  | Reached skill level 23 in Shields
 29428 | Swamp:4  | Received a gift from Okawaru
 29452 | Swamp:4  | Got an ichor-stained scimitar {god gift}
 29453 | Swamp:4  | Identified the +6 scimitar "Worm" {speed, rElec rPois rC-
                  | Stlth+} (Okawaru gifted it to you on level 4 of the Swamp)
 30026 | Swamp:4  | Got a decaying rune of Zot
 30566 | Spider:1 | Entered Level 1 of the Spider Nest
 30667 | Spider:1 | Received a gift from Okawaru
 30826 | Spider:1 | Reached skill level 15 in Fighting
 32323 | Spider:3 | Received a gift from Okawaru
 32572 | Spider:3 | Reached skill level 24 in Shields
 33184 | Spider:4 | Entered Level 4 of the Spider Nest
 33398 | Spider:4 | Reached XP level 18. HP: 117/163 MP: 18/18
 34078 | Spider:4 | Got a gossamer rune of Zot
 34305 | Spider:4 | Received a gift from Okawaru
 34350 | Spider:4 | Got a jewelled large shield {god gift}
 34362 | Spider:4 | Identified the +0 large shield of the Prince of Darkness
                  | {+Blink MR+ Int+2} (Okawaru gifted it to you on level 4 of
                  | the Spider Nest)
 35628 | Elf:1    | Noticed Agnes
 35636 | Elf:1    | Killed Agnes
 35763 | Elf:1    | Noticed Nikola
 35780 | Elf:1    | Killed Nikola
 36075 | Elf:1    | Reached skill level 25 in Shields
 37087 | Elf:2    | Found a runed gate.
 37087 | Elf:2    | Found a runed gate.
 37092 | Elf:2    | Found a runed gate.
 37109 | Elf:2    | Found Hocee's Jewellery Shoppe.
 37168 | Elf:2    | Got a brightly glowing brass ring
 37169 | Elf:2    | Identified the ring "Odalo" {Ice Str+4} (You found it on
                  | level 2 of the Elven Halls)
 37204 | Elf:2    | Received a gift from Okawaru
 37487 | Elf:2    | Reached XP level 19. HP: 160/174 MP: 19/19
 37675 | Elf:2    | Noticed Asterion
 37695 | Elf:2    | Killed Asterion
 37937 | Elf:3    | Entered Level 3 of the Elven Halls
 37979 | Elf:3    | Noticed a Brimstone Fiend
 37980 | Elf:3    | Reached skill level 15 in Armour
 38710 | Elf:3    | Received a gift from Okawaru
 38921 | Elf:3    | Reached skill level 26 in Shields
 39042 | Elf:3    | Noticed a Tzitzimitl
 39049 | Elf:3    | Noticed a Tzitzimitl
 39245 | Elf:3    | Noticed a Tzitzimitl
 39971 | Elf:3    | Got a bound lead ring
 39997 | Elf:3    | Got a warped scimitar {elec}
 39999 | Elf:3    | Identified the +8 scimitar "Niybim" {elec, rF+ Str+3} (You
                  | took it off a deep elf annihilator on level 3 of the Elven
                  | Halls)
 40057 | Elf:3    | Got a bloodstained plate armour
 40059 | Elf:3    | Identified the cursed +1 plate armour of Incorporation
                  | {rElec MR- Dex+7 Slay+3} (You took it off a deep elf
                  | blademaster on level 3 of the Elven Halls)
 40060 | Elf:3    | Identified the ring of the Country {rCorr Str+4 Int+2} (You
                  | took it off a deep elf sorcerer on level 3 of the Elven
                  | Halls)
 40230 | Elf:3    | Identified Jinliah's Volume of the Entourage
 40335 | Elf:3    | Identified Zuniosch's Almanac of Helpful Envenoming
 41304 | Vaults:1 | Entered Level 1 of the Vaults
 41381 | Vaults:1 | Found Rinutah's Magic Scroll Boutique.
 41388 | Vaults:1 | Bought a scroll of enchant armour for 142 gold pieces
 41499 | Vaults:1 | Received a gift from Okawaru
 41790 | Vaults:1 | Reached XP level 20. HP: 183/184 MP: 20/20
 42470 | Vaults:1 | Reached skill level 27 in Shields
 42677 | Vaults:2 | Received a gift from Okawaru
 42685 | Vaults:2 | Found a staircase to the Crypt.
 43403 | Vaults:2 | Received a gift from Okawaru
 43408 | Vaults:2 | Got a pair of translucent gloves {god gift}
 43420 | Vaults:2 | Identified the -3 pair of gloves "Ismimeuf" {Int+2}
                  | (Okawaru gifted it to you on level 2 of the Vaults)
 44667 | Vaults:3 | Found Gan Geso's Distillery.
 44681 | Vaults:3 | Bought a potion of berserk rage for 100 gold pieces
 44681 | Vaults:3 | Bought a potion of berserk rage for 100 gold pieces
 44681 | Vaults:3 | Bought a potion of haste for 200 gold pieces
 44681 | Vaults:3 | Bought a potion of mutation for 160 gold pieces
 44737 | Vaults:3 | Reached XP level 21. HP: 188/198 MP: 21/21
 45486 | Vaults:4 | Received a gift from Okawaru
 45694 | Vaults:4 | Found a gateway to a bazaar.
 45818 | Bazaar   | Entered a bazaar
 45832 | Bazaar   | Found Voetoule's Distillery.
 45881 | Bazaar   | Found Rythroptey's Magic Scroll Shoppe.
 45881 | Bazaar   | Found Rediomui's Magic Scroll Emporium.
 45992 | Bazaar   | Bought a scroll of magic mapping for 21 gold pieces
 45992 | Bazaar   | Bought a scroll of enchant armour for 45 gold pieces
 45992 | Bazaar   | Bought a scroll of enchant weapon for 45 gold pieces
 45992 | Bazaar   | Bought a scroll of teleportation for 18 gold pieces
 45992 | Bazaar   | Bought a scroll of identify for 12 gold pieces
 45992 | Bazaar   | Bought a scroll of identify for 12 gold pieces
 45998 | Bazaar   | Bought a scroll of magic mapping for 49 gold pieces
 45998 | Bazaar   | Bought a scroll of magic mapping for 49 gold pieces
 45998 | Bazaar   | Bought a scroll of acquirement for 728 gold pieces
 45998 | Bazaar   | Bought a scroll of teleportation for 42 gold pieces
 45998 | Bazaar   | Bought a scroll of teleportation for 42 gold pieces
 46191 | Vaults:4 | HP: 7/200 [fire giant/great sword of flaming (6)]
 47727 | Vaults:4 | Received a gift from Okawaru
 47908 | Vaults:5 | Entered Level 5 of the Vaults
 48064 | Vaults:4 | Received a gift from Okawaru
 48067 | Vaults:4 | Got a smoking mace {god gift}
 48068 | Vaults:4 | Identified the +4 mace of Pecohaf {antimagic, rF+} (Okawaru
                  | gifted it to you on level 4 of the Vaults)
 48280 | Vaults:5 | Reached XP level 22. HP: 169/211 MP: 20/22
 48735 | Vaults:5 | Received a gift from Okawaru
 48736 | Vaults:5 | Got a slimy long sword {god gift}
 48812 | Vaults:5 | Identified the +10 long sword "Nyohyczi" {drain, rF++}
                  | (Okawaru gifted it to you on level 5 of the Vaults)
 49589 | Vaults:5 | Noticed an ancient lich
 49607 | Vaults:5 | Killed an ancient lich
 50526 | Vaults:5 | Received a gift from Okawaru
 51376 | Vaults:5 | Found the +0 sword of Power
 51424 | Vaults:5 | Noticed a golden dragon
 51441 | Vaults:5 | Killed a golden dragon
 51725 | Vaults:5 | Got a slimy graven amulet
 51726 | Vaults:5 | Got a crude hand crossbow
 52047 | Lair:1   | Identified the cursed +0 hand crossbow of Valiance {speed,
                  | rC+} (You took it off an orc knight on level 5 of the
                  | Vaults)
 52063 | Lair:1   | Identified the amulet of Buow {Faith MP+9} (You took it off
                  | an orc knight on level 5 of the Vaults)
 52493 | Vaults:5 | Got a vibrating silver ring
 52494 | Vaults:5 | Got an ebony falchion {freeze}
 52554 | Vaults:5 | Identified Qaisobil's Volume of Evil
 52781 | Vaults:5 | Reached XP level 23. HP: 218/223 MP: 23/23
 52909 | Vaults:5 | Received a gift from Okawaru
 53323 | Vaults:5 | Got a silver rune of Zot
 53586 | Vaults:5 | Received a gift from Okawaru
 53614 | Vaults:5 | Identified Sif Muna's Papyrus of the Flamy Snowflakes
 54567 | Depths:1 | Entered Level 1 of the Depths
 54898 | D:15     | Identified the +11 falchion of Entrepreneurial Spirit
                  | {freeze, rElec MP-9 SInv} (You took it off a deep elf
                  | sorcerer on level 5 of the Vaults)
 54900 | D:15     | Identified the ring "Muneeqef" {Fire rPois MP+9 Str+3
                  | Int+4} (You took it off a deep elf sorcerer on level 5 of
                  | the Vaults)
 55561 | D:14     | You paid a toll of +4 ice dragon scales to enter a treasure
                  | trove
 55562 | Trove    | Entered a treasure trove
 55575 | Trove    | Found the brooch of Shielding {Reflect SH+8}
 55577 | Trove    | Got a translucent graven amulet
 55582 | Trove    | Got a scorched bronze amulet
 55628 | Trove    | Got a shimmering long sword
 55633 | Trove    | Identified the +2 long sword of the Ancients {flame,
                  | *Contam rElec Str+6 SInv} (You found it in a treasure
                  | trove)
 55634 | Trove    | Identified the amulet "Ruqeotuche" {Acrobat Int+2} (You
                  | found it in a treasure trove)
 55635 | Trove    | Identified the amulet "Qutoiceh" {+Blink MR+ Regen+ Str-5
                  | Int+5} (You found it in a treasure trove)
 55644 | Trove    | Got a twisted spear
 55646 | Trove    | Got a pitted rapier
 56212 | Depths:1 | Found a gateway to Hell.
 56225 | Depths:1 | Reached skill level 1 in Short Blades
 56225 | Depths:1 | Reached skill level 1 in Polearms
 56225 | Depths:1 | Reached skill level 1 in Throwing
 56225 | Depths:1 | Reached XP level 24. HP: 212/233 MP: 23/23
 56273 | Depths:1 | Found a one-way gate to the infinite horrors of the Abyss.
 56621 | Depths:1 | Received a gift from Okawaru
 56913 | Depths:1 | Found the +0 mask of the Dragon {MR+ Slay+3 SInv}
 57075 | Depths:1 | Identified the cursed +1 spear of Parts Unknown {antimagic,
                  | Str+4} (You found it in a treasure trove)
 57078 | Depths:1 | Identified the +9 rapier of Muprirap {antimagic, rElec rF+
                  | MR+ Str+3} (You found it in a treasure trove)
 57776 | Depths:2 | Found a magical portal.
 57784 | WizLab   | Entered Wucad Mu's Monastery
 57904 | WizLab   | HP: 11/234 [grey draconian monk[old memories] (7)]
 58039 | WizLab   | Found the +9 staff of Wucad Mu {channel}
 58491 | WizLab   | Reached skill level 1 in Staves
 58491 | WizLab   | Reached skill level 1 in Spellcasting
 58491 | WizLab   | Reached XP level 25. HP: 240/240 MP: 24/24
 59078 | Depths:2 | Found an ancient bone altar of Kikubaaqudgha.
 59079 | Depths:2 | Noticed Jory
 59090 | Depths:2 | Killed Jory
 59485 | Depths:2 | Received a gift from Okawaru
 59496 | Depths:2 | HP: 12/243 [ettin/dire flail[a boggart] (13)]
 59517 | Depths:2 | Killed from afar by a vampire mage

Skill      XL: |  1  2  3  4  5  6  7  8  9 10 11 12 13 14 15 16 17 18 19 20 21 22 23 24 25 |
---------------+----------------------------------------------------------------------------+-----
Armour         | 4 5 6 7 8 9 10 11 12 13 14 15 16 18 19 20 | 20.8
Fighting       | 4 5 6 7 9 10 11 12 13 14 15 16 17 19 20 22 23 | 23.3
Shields        | 4 5 7 9 12 13 15 18 19 21 22 24 25 26 27 | 27.0
Long Blades    | 3 4 5 6 8 10 11 13 14 15 16 17 18 19 20 21 23 24 | 24.2
Dodging        | 1 2 3 4 5 6 |  6.0
Stealth        | 1 2 3 |  3.4
Invocations    | 1 2 |  2.8
Unarmed Combat | 1 2 |  2.5
Evocations     | 1 2 |  2.7
Short Blades   | 1 |  1.1
Polearms       | 1 |  1.2
Throwing       | 1 |  1.6
Staves         | 1 |  1.3
Spellcasting   | 1 |  1.4

Action                   |  1- 3 |  4- 6 |  7- 9 | 10-12 | 13-15 | 16-18 | 19-21 | 22-24 | 25-27 || total
-------------------------+-------+-------+-------+-------+-------+-------+-------+-------+-------++-------
Melee: Long sword        |    69 |   191 |   327 |    58 |       |       |       |       |       ||   645
       Headbutt          |     9 |    34 |    81 |   279 |   462 |   564 |   508 |   426 |    91 ||  2454
       Spear             |       |       |     7 |       |       |       |       |       |       ||     7
       Falchion          |       |       |       |   802 |   714 |       |       |   270 |   136 ||  1922
       Scimitar          |       |       |       |    71 |    23 |   866 |  1071 |   210 |       ||  2241
       Demon blade       |       |       |       |       |   879 |    16 |       |       |       ||   895
       Double sword      |       |       |       |       |       |   783 |   227 |   479 |    97 ||  1586
       Unarmed           |       |       |       |       |       |    23 |     6 |       |       ||    29
Invok: Heroism           |       |       |     2 |     1 |     5 |     3 |     1 |     4 |       ||    16
Evoke: Wand              |       |       |       |       |     5 |     3 |       |    16 |       ||    24
  Use: Scroll            |       |       |    12 |    11 |    11 |     7 |    10 |    27 |     2 ||    80
       Potion            |       |       |     6 |     4 |     2 |     2 |     3 |    13 |     4 ||    34
 Stab: Sleeping          |       |       |     3 |       |       |       |       |       |       ||     3
       Distracted        |       |       |       |     1 |       |     1 |       |       |       ||     2
       Petrifying        |       |       |       |       |     1 |       |       |       |       ||     1
  Eat: Chunk             |       |     5 |    12 |    16 |    34 |    38 |    32 |    24 |       ||   161
       Ration            |       |       |       |     1 |     1 |     3 |     1 |     3 |     1 ||    10
Armor: Scale mail        |    46 |    57 |    70 |       |       |       |       |       |       ||   173
       Skin              |       |       |     4 |       |       |       |       |       |       ||     4
       Plate armour      |       |       |    54 |   260 |   382 |       |       |       |       ||   696
       Crystal plate arm |       |       |       |       |    29 |   711 |   401 |   314 |   112 ||  1567
       Gold dragon scale |       |       |       |       |       |       |       |   129 |       ||   129
Dodge: Dodged            |    24 |    69 |    94 |    94 |   198 |   274 |   214 |   195 |    65 ||  1227
Block: Shield            |    49 |   115 |   294 |   412 |       |       |       |       |       ||   870
       Reflection        |       |       |    17 |    21 |   103 |    82 |   157 |    38 |       ||   418
       Large shield      |       |       |       |   442 |  1846 |  2347 |  1865 |  1331 |   321 ||  8152
       Other             |       |       |       |       |       |     7 |       |       |       ||     7
       Rpst.: Long sword |     6 |    21 |    17 |     2 |       |       |       |       |       ||    46
       Falchion          |       |       |       |    22 |    24 |       |       |     8 |     4 ||    58
       Scimitar          |       |       |       |     1 |     1 |    24 |    33 |     2 |       ||    61
       Demon blade       |       |       |       |       |    23 |       |       |       |       ||    23
       Double sword      |       |       |       |       |       |    14 |     4 |    16 |     2 ||    36
